 Dungeon Crawl Stone Soup version 0.30-a0-782-ge64f9170bb (webtiles) character file.

Game seed: 14922959282846951227

3810 DavidChitty2 the Grappler (level 9, -25/89 HPs)
             Began as a Troll Fighter on Mar 2, 2023.
             Was an Elder of Cheibriados.
             Annihilated by an orc knight
             ... wielding a +0 broad axe
              (34 damage)
             ... in a bailey.
             The game lasted 00:15:18 (7063 turns).

DavidChitty2 the Grappler (Troll Fighter)           Turns: 7063, Time: 00:15:18

Health: -25/89     AC:  9    Str: 36    XL:     9   Next: 96%
Magic:  19/21      EV: 12    Int: 21    God:    Cheibriados [****..]
Gold:   503        SH: 11    Dex: 21    Spells: 8/8 levels left

rFire   + + .      SeeInvis .      - Unarmed
rCold   + . .      Faith    .    b - +1 kite shield
rNeg    . . .      Spirit   .    v - +2 robe {rF+}
rPois   .          Reflect  .    m - +3 hat of Pondering {ponderous, Will+ MP+10 Int+5}
rElec   .          Harm     .    (no cloak)
rCorr   .          Rampage  .    (gloves unavailable)
Will    +....                    (boots unavailable)
Stlth   ++                       (no amulet)
HPRegen 1.14/turn                i - ring of protection from fire
MPRegen 0.17/turn                o - ring of protection from cold

@: studying Armour, very slow
A: large, unfitting armour, claws 3, regeneration 1, shaggy fur 1, tough skin 1
a: Renounce Religion, Bend Time, Temporal Distortion, Slouch


You were in a bailey.
You worshipped Cheibriados.
Cheibriados was greatly pleased with you.
You visited 2 branches of the dungeon, and saw 8 of its levels.
You also visited: Sewer and Bailey.

You collected 542 gold pieces.
You spent 39 gold pieces at shops.

Inventory:

Missiles
 d - 2 throwing nets (quivered) {!f}
Armour
 a - a +0 robe
 b - a +1 kite shield (worn)
 m - the +3 hat of Pondering (worn) {ponderous, Will+ MP+10 Int+5}
   (You found it on level 4 of the Dungeon)

   Int:       It affects your intelligence (+5).
   MP:        It affects your magic capacity (+10).
   Will:      It increases your willpower.
 v - a +2 robe of fire resistance (worn)
   (You took it off Blork the orc on level 5 of the Dungeon)
Jewellery
 i - a ring of protection from fire (left claw)
   (You found it on level 3 of the Dungeon)
 o - a ring of protection from cold (right claw)
   (You found it on level 6 of the Dungeon)
Wands
 p - a wand of light (9)
   (You took it off a hobgoblin on level 3 of the Dungeon)
 t - a wand of roots (3)
   (You found it on level 3 of the Dungeon)
Scrolls
 h - 4 scrolls of enchant armour
 k - a scroll of amnesia
 l - 3 scrolls of vulnerability {!r}
 y - a scroll of teleportation {@r4}
 z - 2 scrolls of brand weapon {unknown}
 B - a scroll of poison {!r}
Potions
 c - a potion of might
 e - a potion of cancellation
 f - 4 potions of flight
 g - a potion of magic {unknown}
 j - a potion of resistance
 n - a potion of berserk rage {unknown}
 q - a potion of attraction {!q}
 u - a potion of mutation {unknown}
 w - 2 potions of lignification {!q}
 x - a potion of brilliance {unknown}
 A - a potion of invisibility {unknown}


   Skills:
 + Level 6.1 Fighting
 + Level 6.0 Dodging
 - Level 2.6 Shields
 * Level 9.6 Unarmed Combat
 + Level 4.8 Invocations


You had 8 spell levels left.
You didn't know any spells.
Your spell library contained the following spells:

 Spells                   Type           Power      Damage    Failure   Level
 Magic Dart               Conj           0%         1d3       41%         1
 Call Imp                 Summ           0%         N/A       54%         2
 Mephitic Cloud           Conj/Pois/Air  0%         N/A       78%         3


Dungeon Overview and Level Annotations

Branches:
Dungeon (7/15)             Temple (1/1) D:6           Sewer (visited)
 Bailey (1/1)

Altars:
Cheibriados
Dithmenos
Elyvilon
Fedhas
Gozag
Nemelex Xobeh
Qazlal
Trog
Uskayaw
Wu Jian
Xom
Yredelemnul
Zin

Shops:
D:1 :((*!

Annotations:
D:7 1 runed translucent door, Crazy Yiuf


Innate Abilities, Weirdness & Mutations

You are too large for most types of armour.
You have claws for hands.
Your natural rate of healing is unusually fast.
You are covered in fur. (AC +1)
You have tough skin. (AC +1)


Message History

Things that are here:
a +0 hand axe; a +0 leather armour; an orc corpse You mangle the kobold!!
You kill the kobold!
Cheibriados thoroughly appreciates the change of pace.
An orc knight comes into view. It is wielding a +0 broad axe.
You block the orc knight's attack.
The orc knight roars a battlecry!
The orc knight goes into a battle-frenzy!
You hear a shout!
Things that are here:
a +0 hand axe; a +0 ring mail You claw the orc knight!
The orc knight hits you with a +0 war axe!
You barely miss the orc knight. You block the orc knight's attack.
The orc knight closely misses you.
You claw the orc knight!
The orc knight hits you with a +0 broad axe!!
You closely miss the orc knight. The orc knight misses you.
The orc knight barely misses you.
You closely miss the orc knight.
The orc knight hits you with a +0 war axe!!
* * * LOW HITPOINT WARNING * * *
The orc knight roars a battlecry!
The orc knight goes into a battle-frenzy!
You hear a shout!
You scratch the orc knight but do no damage.
You hear a shout!
You block the orc knight's attack. x2
A hobgoblin comes into view. It is wielding a +0 hand axe.
You scratch the orc knight.
The orc knight hits you with a +0 war axe!
* * * LOW HITPOINT WARNING * * *
The orc knight hits you with a +0 broad axe.
* * * LOW HITPOINT WARNING * * *
The flow of time bends around you.
The orc knight resists with some effort.
Cheibriados rebukes the orc knight.
The orc knight seems to slow down.
You block the orc knight's attack.
You scratch the orc knight but do no damage.
The orc knight closely misses you.
The orc knight hits you with a +0 broad axe!!
* * * LOW HITPOINT WARNING * * *
Okay, then.
You claw the orc knight! You block the orc knight's attack.
The orc knight closely misses you.
You mangle the orc knight!! The orc knight misses you.
You scratch the orc knight but do no damage.
The orc knight hits you with a +0 broad axe!!
You die...

##≈≈≈≈≈≈≈≈≈≈≈≈≈~.......##
##≈≈≈≈#########≈≈≈≈~.)....##
≈≈≈≈≈∩#...[.oK#∩≈≈≈≈≈≈~....###
≈≈≈##
#.......####..≈(≈≈≈≈≈≈≈##
≈..#.
####'####..#......≈≈≈≈≈≈≈ .###
.. ....###......#### .#
##(.#.#.....### .#
#.o#'#.......# .#
#)@#.)..⌠.....# .######
##o#)((......##
......#########.g.........##
.............).........####
##########.#############
....#....#.# (.....#...##
###########


You could see 2 orc knights and a hobgoblin.

Vanquished Creatures
  An orc knight (Bailey)
  Grinder (D:3)
  Sigmund (D:5)
  A spriggan (D:7)
  A wraith (D:6)
  2 sky beasts (D:6)
  5 orc warriors
  An ice beast (D:7)
  2 centaurs (D:6)
  2 kobold brigands
  A phantom (D:5)
  Blork the orc (D:5)
  A scorpion (D:7)
  A bullfrog (D:7)
  2 necrophages
  4 jellies
  4 hounds
  2 gnoll boudas (D:5)
  4 orc priests
  9 iguanas
  Terence (D:3)
  4 orc wizards
  18 gnolls
  12 adders
  5 river rats (Sewer)
  An ufetubus (D:6)
  4 dart slugs
  2 worms
  20 orcs
  13 ball pythons
  3 endoplasms
  8 giant cockroaches
  12 goblins
  6 hobgoblins
  9 jackals
  6 quokkas
  5 bats
  6 frilled lizards
  23 kobolds
  7 rats
211 creatures vanquished.

Vanquished Creatures (others)
  A bat (D:3)
  9 plants (Sewer)
10 creatures vanquished.

Grand Total: 221 creatures vanquished

Notes
Turn   | Place    | Note
-------+----------+-------------------------------------------
     0 | D:1      | DavidChitty2 the Troll Fighter began the quest for the Orb.
     0 | D:1      | Reached XP level 1. HP: 22/22 MP: 0/0
    29 | D:1      | Reached XP level 2. HP: 29/29 MP: 1/1
   184 | D:1      | Found Oweadumet's Distillery.
   221 | D:1      | Found Recwopic's Assorted Antiques.
   243 | D:1      | Found Zidadgh's Antique Weapon Shoppe.
   256 | D:1      | Found Waukomy's Weapon Emporium.
   458 | D:1      | Found Suboorghy's Book Emporium.
   467 | D:1      | Reached XP level 3. HP: 36/36 MP: 2/2
   847 | D:2      | Reached skill level 3 in Unarmed Combat
   948 | D:1      | Bought a potion of curing for 39 gold pieces
  1336 | D:2      | Reached XP level 4. HP: 44/44 MP: 3/3
  1570 | D:3      | Noticed Terence
  1590 | D:3      | Killed Terence
  1605 | D:3      | Noticed Grinder
  1634 | D:3      | Killed Grinder
  1635 | D:3      | Reached skill level 4 in Unarmed Combat
  1635 | D:3      | Reached XP level 5. HP: 27/53 MP: 4/4
  1635 | D:3      | Reached XP level 6. HP: 31/61 MP: 5/5
  2087 | D:3      | Found a basalt altar of Yredelemnul.
  2333 | D:4      | Found the +3 hat of Pondering {ponderous, Will+ MP+10
                  | Int+5}
  2488 | D:3      | Reached skill level 5 in Unarmed Combat
  2542 | D:4      | Found a glowing silver altar of Zin.
  2789 | D:4      | Found a snail-covered altar of Cheibriados.
  2951 | D:4      | Became a worshipper of Cheibriados the Contemplative
  2993 | D:4      | Reached XP level 7. HP: 68/68 MP: 6/6
  3261 | D:5      | Entered Level 5 of the Dungeon
  3721 | D:5      | Reached skill level 1 in Invocations
  3758 | D:5      | Reached skill level 6 in Unarmed Combat
  3870 | D:5      | Reached * piety under Cheibriados
  3963 | D:5      | Noticed Blork the orc
  3983 | D:5      | Killed Blork the orc
  4139 | D:5      | Reached XP level 8. HP: 79/79 MP: 8/8
  4175 | D:5      | Noticed Sigmund
  4201 | D:5      | Killed Sigmund
  4427 | D:5      | Found an ornate altar of the Wu Jian Council.
  4470 | D:6      | Found a shimmering altar of Xom.
  4564 | D:6      | Reached skill level 7 in Unarmed Combat
  4720 | D:6      | Reached ** piety under Cheibriados
  4780 | D:6      | Reached skill level 5 in Fighting
  4782 | D:6      | Reached skill level 5 in Dodging
  4888 | D:6      | Found a glowing drain.
  4911 | Sewer    | Entered a sewer
  4965 | Sewer    | Reached *** piety under Cheibriados
  5142 | Sewer    | Reached skill level 8 in Unarmed Combat
  5536 | D:6      | Reached XP level 9. HP: 88/88 MP: 10/10
  5798 | D:6      | Found a blossoming altar of Fedhas.
  6015 | D:6      | Found a staircase to the Ecumenical Temple.
  6024 | Temple   | Entered the Ecumenical Temple
  6332 | D:6      | Found a white marble altar of Elyvilon.
  6464 | D:7      | Found a runed translucent door.
  6465 | D:7      | Noticed Crazy Yiuf
  6655 | D:7      | Reached **** piety under Cheibriados
  6717 | D:7      | Found a flagged portal.
  6726 | D:7      | Reached skill level 9 in Unarmed Combat
  6792 | Bailey   | Entered a bailey
  6799 | Bailey   | Noticed an orc knight
  6810 | Bailey   | Noticed an orc knight
  6833 | Bailey   | Killed an orc knight
  6834 | Bailey   | HP: 4/89 [orc warrior/+0 war axe (16)]
  7050 | Bailey   | Noticed an orc knight
  7063 | Bailey   | Annihilated by an orc knight

Illustrated notes

Levels and vault maps discovered:
D:1:      spicycebolla_green_bress_n_ham_2, layout_basic, serial_shops,
          nicolae_shop_bloodbath_and_beyond, nicolae_shop_behind_doors,
          nicolae_shop_advertising_works [nicolae_subvault_shop_adworks], shop,
          nicolae_shop_hallway_plus
D:2:      layout_basic, chequers_serial_rivers_micro_c,
          kennysheep_generic_room_5
D:3:      layout_rooms, pf_just_have_faith, uniq_terence, uniq_grinder
D:4:      layout_gridville, lemuel_tele_altar, mainiacjoe_overflow_24_doors,
          minmay_bisected
D:5:      layout_basic, nicolae_wu_jian_immortal_techniques, uniq_sigmund,
          uniq_blork_the_orc
D:6:      layout_loops_corners, kennysheep_little_box, fedhas_altar_fruit_tree,
          mainiacjoe_overflow_alcove_1, lemuel_temple_firewalk_a,
          gup_sewer_entry_pipe, minmay_misc_feat_rugged, nrook_campfire,
          corner_web_ring, minmay_manual_mares
D:7:      layout_loops_ring, enter_bailey_2, the_hattery,
          uniq_crazy_yiuf_cottage
Temple:   nicolae_temple_bog_church
Bailey:   bailey_axe_4, bailey

Skill      XL: |  1  2  3  4  5  6  7  8  9 |
---------------+----------------------------+-----
Unarmed Combat | 3 4 5 6 8 9 |  9.6
Fighting       | 3 4 5 6 |  6.1
Dodging        | 3 4 5 6 |  6.0
Invocations    | 2 3 4 |  4.8
Shields        | |  2.6

Action                     |  1- 3 |  4- 6 |  7- 9 || total
---------------------------+-------+-------+-------++-------
  Melee: Unarmed           |   116 |   129 |   422 ||   667
  Throw: Javelin           |       |       |     3 ||     3
 Invoke: Bend Time         |       |       |     3 ||     3
    Use: Scroll            |       |    10 |     7 ||    17
         Potion            |       |     2 |     4 ||     6
   Stab: Sleeping          |       |       |     2 ||     2
         Distracted        |       |       |     1 ||     1
 Armour: Robe              |    55 |    38 |   152 ||   245
  Dodge: Dodged            |    38 |    47 |   187 ||   272
  Block: Kite shield       |    43 |    56 |   250 ||   349

Table legend: (Time is in decaauts)
 A = Elapsed time spent in this place.
 B = Non-inter-level travel time spent in this place.
 C = Inter-level travel time spent in this place.
 D = Time resting spent in this place.
 E = Time spent auto-exploring this place.
 F = Levels seen in this place.
 G = Mean time per level.
                   A        B        C        D        E       F      G
               +--------+--------+--------+--------+--------+-----+--------+
         Total |   9093 |   8654 |    439 |    281 |   6348 |  10 |  909.3 |
       Dungeon |   7407 |   6989 |    418 |    250 |   5107 |   7 | 1058.1 |
        Temple |    311 |    290 |     21 |      0 |    278 |   1 |  311.0 |
         Sewer |    979 |    979 |      0 |      0 |    807 |   1 |  979.0 |
        Bailey |    394 |    394 |      0 |     31 |    155 |   1 |  394.0 |
               +--------+--------+--------+--------+--------+-----+--------+

Top non-repeatable levels by time:
     D:6: 1882 daAuts
     D:4: 1478 daAuts
     D:5: 1077 daAuts
   Sewer: 979 daAuts
     D:3: 855 daAuts
     D:2: 792 daAuts
     D:1: 772 daAuts
     D:7: 550 daAuts
  Bailey: 394 daAuts
  Temple: 311 daAuts
